TOP OF THE 1ST |
Mississippi Braves batting - Pitching for Reading Fightin Phils : RHP Joe Kimbrough
|
Pitching: RHP Joe Kimbrough
|
|
Batting: LHB Robby Dann
|
0-0: Ball 1-0: Called Strike 1-1: Ball 2-1: Ground out 6-3 (Groundball, 56, EV 101.9 MPH)
|
Batting: RHB Tim Nettles
|
0-0: Foul Ball, location: 2F 0-1: Ground out 6-3 (Groundball, 6, EV 101.9 MPH)
|
Batting: LHB Davey Schonewille
|
0-0: Ball 1-0: Ground out 1-3 (Groundball, 13, EV 70.0 MPH)
|
Top of the 1st over - 0 runs, 0 hits, 0 errors, 0 left on base; Mississippi 0 - Reading 0 |
BOTTOM OF THE 1ST |
Reading Fightin Phils batting - Pitching for Mississippi Braves : RHP Matt Peck
|
Pitching: RHP Matt Peck
|
|
Batting: RHB Matt Strong
|
0-0: Ball 1-0: Ball 2-0: SINGLE (Line Drive, 4D, EV 96.9 MPH)
|
Batting: RHB Fletcher Easter
|
0-0: Ball Passed Ball! Matt Strong to second 1-0: Ball 2-0: Swinging Strike 2-1: Foul Ball, location: 2F 2-2: Ball 3-2: Foul Ball, location: 2F 3-2: Ground out 5-3 (Groundball, 56, EV 102.5 MPH)
|
Batting: LHB Danny Hill
|
0-0: Ball 1-0: Called Strike 1-1: Swinging Strike 1-2: Ball 2-2: SINGLE (Groundball, 4MS, EV 74.4 MPH) (infield hit) Matt Strong to third
|
Batting: LHB Darrell Ortega
|
0-0: Ball Danny Hill steals 2nd base 1-0: Called Strike 1-1: Swinging Strike 1-2: Foul Ball, location: 2F 1-2: Foul Ball, location: 2F 1-2: Foul Ball, location: 2F 1-2: Strikes out looking
|
Batting: LHB Michael Tuttle
|
0-0: Called Strike 0-1: Ball 1-1: Swinging Strike 1-2: Hit by Pitch
|
Batting: RHB Austin Wiebe
|
0-0: Ball 1-0: Ball 2-0: Swinging Strike 2-1: DOUBLE (Line Drive, 78D, EV 103.1 MPH) Matt Strong scores Danny Hill scores Michael Tuttle to third
|
Batting: LHB Jose Fierro
|
0-0: Foul Ball, location: 2F 0-1: Ground out 3-1 (Groundball, 34S, EV 82.5 MPH)
|
Bottom of the 1st over - 2 runs, 3 hits, 0 errors, 2 left on base; Mississippi 0 - Reading 2 |
TOP OF THE 2ND |
Mississippi Braves batting - Pitching for Reading Fightin Phils : RHP Joe Kimbrough
|
Batting: SHB Brian Bagley
|
0-0: Called Strike 0-1: Ball 1-1: Ball 2-1: Swinging Strike 2-2: Ball 3-2: Base on Balls
|
Batting: RHB Jack Power
|
0-0: Ball 1-0: Ball 2-0: Ball 3-0: Called Strike 3-1: Base on Balls Brian Bagley to second
|
Batting: LHB Raul Guarjardo
|
0-0: Called Strike 0-1: Called Strike 0-2: Fly out, F9 (Line Drive, 9, EV 91.9 MPH)
|
Batting: RHB Yorkis Saiki
|
0-0: Ball 1-0: Ball 2-0: Grounds into double play, 5-4-3 (Groundball, 56S, EV 90.0 MPH)
|
Top of the 2nd over - 0 runs, 0 hits, 0 errors, 1 left on base; Mississippi 0 - Reading 2 |
BOTTOM OF THE 2ND |
Reading Fightin Phils batting - Pitching for Mississippi Braves : RHP Matt Peck
|
Batting: RHB Hector Nunez
|
0-0: Called Strike 0-1: Ball 1-1: Ground out 4-3 (Groundball, 4, EV 85.0 MPH)
|
Batting: RHB Gary Hills
|
0-0: Called Strike 0-1: Fly out, F9 (Flyball, 89S, EV 80.6 MPH)
|
Batting: RHB Matt Strong
|
0-0: Called Strike 0-1: Called Strike 0-2: Fly out, F3 (Line Drive, 3, EV 60.6 MPH)
|
Bottom of the 2nd over - 0 runs, 0 hits, 0 errors, 0 left on base; Mississippi 0 - Reading 2 |
TOP OF THE 3RD |
Mississippi Braves batting - Pitching for Reading Fightin Phils : RHP Joe Kimbrough
|
Batting: RHB Waki Matsui
|
0-0: Ball 1-0: Ball 2-0: SINGLE (Groundball, 5S, EV 71.2 MPH) (infield hit)
|
Batting: RHB Edwin Cota
|
0-0: Called Strike 0-1: Foul Ball, location: 2F 0-2: Ball 1-2: Foul Ball, location: 2F 1-2: Ball 2-2: Strikes out swinging
|
Batting: LHB Robby Dann
|
0-0: Called Strike 0-1: Fielders Choice at 2nd, 3-6 (Groundball, 34S, EV 88.8 MPH)
|
Batting: RHB Tim Nettles
|
0-0: Ball Robby Dann steals 2nd base 1-0: Ball 2-0: Ball 3-0: Base on Balls
|
Batting: LHB Davey Schonewille
|
0-0: Ball 1-0: Foul Ball, location: 2F 1-1: Ball 2-1: Ball 3-1: Base on Balls Robby Dann to third Tim Nettles to second
|
Batting: SHB Brian Bagley
|
0-0: Called Strike 0-1: Foul Ball, location: 2F 0-2: Hit by Pitch Robby Dann scores Tim Nettles to third Davey Schonewille to second
|
Batting: RHB Jack Power
|
0-0: Called Strike 0-1: Ball 1-1: Fly out, F8 (Flyball, 78D, EV 101.9 MPH)
|
Top of the 3rd over - 1 run, 1 hit, 0 errors, 3 left on base; Mississippi 1 - Reading 2 |
BOTTOM OF THE 3RD |
Reading Fightin Phils batting - Pitching for Mississippi Braves : RHP Matt Peck
|
Batting: RHB Fletcher Easter
|
0-0: Ball 1-0: Swinging Strike 1-1: Called Strike 1-2: Foul Ball, location: 2F 1-2: Foul Ball, location: 2F 1-2: Strikes out looking
|
Batting: LHB Danny Hill
|
0-0: Called Strike 0-1: Foul Ball, location: 2F 0-2: Strikes out swinging
|
Batting: LHB Darrell Ortega
|
0-0: Ball 1-0: Called Strike 1-1: Foul Ball, location: 2F 1-2: Ball 2-2: Fly out, F9 (Flyball, 89D, EV 103.1 MPH)
|
Bottom of the 3rd over - 0 runs, 0 hits, 0 errors, 0 left on base; Mississippi 1 - Reading 2 |
TOP OF THE 4TH |
Mississippi Braves batting - Pitching for Reading Fightin Phils : RHP Joe Kimbrough
|
Batting: LHB Raul Guarjardo
|
0-0: Called Strike 0-1: Ball 1-1: Swinging Strike 1-2: Strikes out looking
|
Batting: RHB Yorkis Saiki
|
0-0: Ball 1-0: Ground out 6-3 (Groundball, 15, EV 85.0 MPH)
|
Batting: RHB Waki Matsui
|
0-0: Ball 1-0: Foul Ball, location: 2F 1-1: Ball 2-1: Ball 3-1: Swinging Strike 3-2: Foul Ball, location: 2F 3-2: Base on Balls
|
Batting: RHB Edwin Cota
|
0-0: Ball 1-0: Ball 2-0: Called Strike 2-1: Foul Ball, location: 2F 2-2: SINGLE (Groundball, 4MD, EV 101.9 MPH) Waki Matsui to second
|
Batting: LHB Robby Dann
|
0-0: Ball 1-0: Swinging Strike 1-1: Ball 2-1: Ball 3-1: Base on Balls Waki Matsui to third Edwin Cota to second
|
Batting: RHB Tim Nettles
|
0-0: Ball 1-0: Called Strike 1-1: Ball 2-1: Foul Ball, location: 2F 2-2: Foul Ball, location: 2F 2-2: Foul Ball, location: 2F 2-2: Ball 3-2: Fly out, F8 (Flyball, 78XD, EV 86.2 MPH)
|
Top of the 4th over - 0 runs, 1 hit, 0 errors, 3 left on base; Mississippi 1 - Reading 2 |
BOTTOM OF THE 4TH |
Reading Fightin Phils batting - Pitching for Mississippi Braves : RHP Matt Peck
|
Batting: LHB Michael Tuttle
|
0-0: Ball 1-0: DOUBLE (Groundball, 3L, EV 101.2 MPH)
|
Batting: RHB Austin Wiebe
|
0-0: Ball 1-0: Swinging Strike 1-1: Ground out 5-3 (Groundball, 56, EV 89.4 MPH)
|
Batting: LHB Jose Fierro
|
0-0: Called Strike 0-1: Ball 1-1: Foul Ball, location: 2F 1-2: Ball 2-2: Foul Ball, location: 2F 2-2: Fly out, F8 (Flyball, 8RD, EV 93.1 MPH)
|
Batting: RHB Hector Nunez
|
0-0: Ball 1-0: Ball 2-0: Swinging Strike 2-1: Swinging Strike 2-2: Ball 3-2: Strikes out looking
|
Bottom of the 4th over - 0 runs, 1 hit, 0 errors, 1 left on base; Mississippi 1 - Reading 2 |
TOP OF THE 5TH |
Mississippi Braves batting - Pitching for Reading Fightin Phils : RHP Joe Kimbrough
|
Batting: LHB Davey Schonewille
|
0-0: Called Strike 0-1: Ball 1-1: Foul Ball, location: 2F 1-2: Ball 2-2: Ball 3-2: Fly out, F6 (Flyball, 56D, EV 81.2 MPH)
|
Batting: SHB Brian Bagley
|
0-0: Swinging Strike 0-1: Called Strike 0-2: Ball 1-2: Foul Ball, location: 2F 1-2: Ball 2-2: SINGLE (Groundball, 6MD, EV 100.0 MPH)
|
Batting: RHB Jack Power
|
0-0: Swinging Strike 0-1: Foul Ball, location: 2F 0-2: Ball 1-2: Strikes out swinging
|
Batting: LHB Raul Guarjardo
|
0-0: Ball 1-0: Foul Ball, location: 2F 1-1: Ball 2-1: Ball 3-1: Base on Balls Brian Bagley to second
|
Pitching: RHP Javier Trujillo
|
|
Batting: RHB Yorkis Saiki
|
0-0: Hit by Pitch Brian Bagley to third Raul Guarjardo to second
|
Batting: RHB Waki Matsui
|
0-0: Foul Ball, location: 2F 0-1: SINGLE (Flyball, 34D, EV 91.9 MPH) Brian Bagley scores Raul Guarjardo to third Yorkis Saiki to second
|
Batting: RHB Edwin Cota
|
0-0: Ball 1-0: Swinging Strike 1-1: Ground out 4-3 (Groundball, 4, EV 87.5 MPH)
|
Top of the 5th over - 1 run, 2 hits, 0 errors, 3 left on base; Mississippi 2 - Reading 2 |
BOTTOM OF THE 5TH |
Reading Fightin Phils batting - Pitching for Mississippi Braves : RHP Matt Peck
|
Batting: RHB Gary Hills
|
0-0: Ground out 5-3 (Groundball, 56S, EV 86.2 MPH)
|
Batting: RHB Matt Strong
|
0-0: Ball 1-0: Ground out 5-3 (Groundball, 56, EV 92.5 MPH)
|
Batting: RHB Fletcher Easter
|
0-0: Foul Ball, location: 2F 0-1: Ball 1-1: Ball 2-1: Fly out, F8 (Line Drive, 8RM, EV 83.8 MPH)
|
Bottom of the 5th over - 0 runs, 0 hits, 0 errors, 0 left on base; Mississippi 2 - Reading 2 |
TOP OF THE 6TH |
Mississippi Braves batting - Pitching for Reading Fightin Phils : RHP Javier Trujillo
|
Batting: LHB Robby Dann
|
0-0: Called Strike 0-1: Fly out, F4 (Line Drive, 4, EV 65.6 MPH)
|
Batting: RHB Tim Nettles
|
0-0: Foul Ball, location: 2F 0-1: Ball 1-1: Foul Ball, location: 2F 1-2: SINGLE (Groundball, 34D, EV 105.0 MPH)
|
Batting: LHB Davey Schonewille
|
0-0: Ball 1-0: Called Strike Tim Nettles steals 2nd base 1-1: Called Strike 1-2: Fly out, F2 (Popup, 2RF, EV 89.4 MPH)
|
Batting: SHB Brian Bagley
|
0-0: DOUBLE (Line Drive, 7LM, EV 101.9 MPH) Tim Nettles scores
|
Batting: RHB Jack Power
|
0-0: Swinging Strike 0-1: Foul Ball, location: 2F 0-2: Foul Ball, location: 2F 0-2: Fly out, F5 (Line Drive, 5, EV 73.8 MPH)
|
Top of the 6th over - 1 run, 2 hits, 0 errors, 1 left on base; Mississippi 3 - Reading 2 |
BOTTOM OF THE 6TH |
Reading Fightin Phils batting - Pitching for Mississippi Braves : RHP Matt Peck
|
Batting: LHB Danny Hill
|
0-0: Called Strike 0-1: Foul Ball, location: 2F 0-2: Ball 1-2: Ball 2-2: SINGLE (Groundball, 34D, EV 110.6 MPH) (infield hit)
|
Batting: LHB Darrell Ortega
|
0-0: Ball 1-0: Ball Danny Hill steals 2nd base 2-0: Called Strike 2-1: Ground out 6-3 (Groundball, 6, EV 89.4 MPH) Danny Hill to third
|
Batting: LHB Michael Tuttle
|
0-0: Reached on error, E3 (Groundball, 34S, EV 88.8 MPH) Danny Hill scores
|
Batting: RHB Austin Wiebe
|
0-0: Ball 1-0: Ball 2-0: Ball 3-0: Base on Balls Michael Tuttle to second
|
Batting: LHB Jose Fierro
|
0-0: Ground out 5-3 (Groundball, 56, EV 84.4 MPH) Michael Tuttle to third Austin Wiebe to second
|
Batting: RHB Hector Nunez
|
0-0: Ball 1-0: Called Strike 1-1: Called Strike 1-2: Ball 2-2: Ball 3-2: Ground out 3-1 (Groundball, 34, EV 86.2 MPH)
|
Bottom of the 6th over - 1 run, 1 hit, 1 error, 2 left on base; Mississippi 3 - Reading 3 |
TOP OF THE 7TH |
Mississippi Braves batting - Pitching for Reading Fightin Phils : RHP Javier Trujillo
|
Batting: LHB Raul Guarjardo
|
0-0: Ball 1-0: DOUBLE (Line Drive, 7LM, EV 111.9 MPH)
|
Batting: RHB Yorkis Saiki
|
0-0: Ball 1-0: Ball 2-0: Swinging Strike 2-1: Foul Ball, location: 2F 2-2: Foul Ball, location: 2F 2-2: Foul Ball, location: 2F 2-2: Foul Ball, location: 2F 2-2: Ground out 5-3 (Groundball, 56, EV 90.6 MPH)
|
Batting: RHB Waki Matsui
|
0-0: Intentional Walk
|
Batting: RHB Edwin Cota
|
0-0: Ball Raul Guarjardo steals 3rd base Waki Matsui to second 1-0: Ball 2-0: Called Strike 2-1: Ball 3-1: Fly out, F9 (Flyball, 89D, EV 101.9 MPH) Runner from 3rd tags up, SCORES, throw by RF Waki Matsui to third
|
Batting: LHB Robby Dann
|
0-0: Ball 1-0: DOUBLE (Line Drive, 7LD, EV 112.5 MPH) Waki Matsui scores
|
Batting: RHB Tim Nettles
|
0-0: Foul Ball, location: 2F 0-1: Foul Ball, location: 2F 0-2: Foul Ball, location: 2F 0-2: SINGLE (Groundball, 56, EV 107.5 MPH) (infield hit) Robby Dann to third
|
Batting: LHB Davey Schonewille
|
0-0: Ball 1-0: Swinging Strike 1-1: Ball 2-1: Ball 3-1: Called Strike 3-2: Base on Balls Tim Nettles to second
|
Batting: SHB Brian Bagley
|
0-0: Foul Ball, location: 2F 0-1: Called Strike 0-2: Foul Ball, location: 2F 0-2: Fielders Choice at 2nd, 6-4 (Groundball, 6, EV 101.2 MPH)
|
Top of the 7th over - 2 runs, 3 hits, 0 errors, 3 left on base; Mississippi 5 - Reading 3 |
BOTTOM OF THE 7TH |
Reading Fightin Phils batting - Pitching for Mississippi Braves : RHP Matt Peck
|
Pitching: RHP Scott Bentley
|
|
Pinch Hitting: LHB Chris Fandino
|
0-0: Called Strike 0-1: Ball 1-1: Ball 2-1: Ball 3-1: Base on Balls
|
Batting: RHB Matt Strong
|
0-0: Bunt missed! 0-1: Ball 1-1: Sac Bunt to 13 - play at first, batter OUT! 1-4 Chris Fandino to second
|
Batting: RHB Fletcher Easter
|
0-0: Called Strike 0-1: Ball 1-1: Fly out, F8 (Flyball, 8LM, EV 88.8 MPH)
|
Batting: LHB Danny Hill
|
0-0: Ball 1-0: Ball 2-0: SINGLE (Line Drive, 9S, EV 106.9 MPH) Chris Fandino to third
|
Batting: LHB Darrell Ortega
|
0-0: Fly out, F8 (Flyball, 8RM, EV 90.0 MPH)
|
Bottom of the 7th over - 0 runs, 1 hit, 0 errors, 2 left on base; Mississippi 5 - Reading 3 |
TOP OF THE 8TH |
Mississippi Braves batting - Pitching for Reading Fightin Phils : RHP Javier Trujillo
|
Pitching: RHP Jaylen Johnson
|
|
Now at 1B: Zach Downs
|
|
Now at SS: Jose Fierro
|
|
Batting: RHB Jack Power
|
0-0: Called Strike 0-1: Called Strike 0-2: Ball 1-2: Ground out 6-3 (Groundball, 6, EV 91.2 MPH)
|
Batting: LHB Raul Guarjardo
|
0-0: Foul Ball, location: 2F 0-1: Called Strike 0-2: Ball 1-2: Strikes out swinging
|
Batting: RHB Yorkis Saiki
|
0-0: Called Strike 0-1: Swinging Strike 0-2: Strikes out swinging
|
Top of the 8th over - 0 runs, 0 hits, 0 errors, 0 left on base; Mississippi 5 - Reading 3 |
BOTTOM OF THE 8TH |
Reading Fightin Phils batting - Pitching for Mississippi Braves : RHP Scott Bentley
|
Pitching: RHP Jesus Cumba
|
|
Batting: LHB Michael Tuttle
|
0-0: Ball 1-0: Called Strike 1-1: Ground out 5-3 (Groundball, 56S, EV 66.2 MPH)
|
Batting: RHB Austin Wiebe
|
0-0: Ball 1-0: Called Strike 1-1: Ball 2-1: Ball 3-1: Base on Balls
|
Batting: LHB Jose Fierro
|
0-0: Ball 1-0: Grounds into double play, 4-6-3 (Groundball, 4, EV 81.2 MPH)
|
Bottom of the 8th over - 0 runs, 0 hits, 0 errors, 0 left on base; Mississippi 5 - Reading 3 |
TOP OF THE 9TH |
Mississippi Braves batting - Pitching for Reading Fightin Phils : RHP Jaylen Johnson
|
Batting: RHB Waki Matsui
|
0-0: Ball 1-0: Called Strike 1-1: Ball 2-1: Foul Ball, location: 2F 2-2: Ball 3-2: Foul Ball, location: 2F 3-2: Hit by Pitch
|
Batting: RHB Edwin Cota
|
0-0: Bunt missed! 0-1: Ball 1-1: Sac Bunt to 15 - play at first, batter OUT! 1-4 Waki Matsui to second
|
Batting: LHB Robby Dann
|
0-0: Swinging Strike 0-1: Ball 1-1: Swinging Strike 1-2: Strikes out swinging
|
Batting: RHB Tim Nettles
|
0-0: Ball 1-0: Ball 2-0: SINGLE (Line Drive, 89S, EV 108.8 MPH) Waki Matsui to third
|
Batting: LHB Davey Schonewille
|
0-0: Foul Ball, location: 2F 0-1: Swinging Strike 0-2: Foul Ball, location: 2F 0-2: Ball 1-2: Strikes out swinging
|
Top of the 9th over - 0 runs, 1 hit, 0 errors, 2 left on base; Mississippi 5 - Reading 3 |
BOTTOM OF THE 9TH |
Reading Fightin Phils batting - Pitching for Mississippi Braves : RHP Jesus Cumba
|
Pitching: LHP Pete McAllister
|
|
Batting: RHB Hector Nunez
|
0-0: Ball 1-0: Ball 2-0: Ball 3-0: Called Strike 3-1: Base on Balls
|
Batting: RHB Zach Downs
|
0-0: DOUBLE (Line Drive, 7LM, EV 108.1 MPH) Hector Nunez to third
|
Batting: RHB Matt Strong
|
0-0: Called Strike 0-1: Ball 1-1: Ball 2-1: Ball 3-1: Base on Balls
|
Batting: RHB Fletcher Easter
|
0-0: Ball 1-0: Ball 2-0: Called Strike 2-1: Grounds into double play, 6-4-3 (Groundball, 6M, EV 86.2 MPH) Hector Nunez scores Zach Downs to third
|
Batting: LHB Danny Hill
|
0-0: Ground out 6-3 (Groundball, 6, EV 88.1 MPH)
|
Bottom of the 9th over - 1 run, 1 hit, 0 errors, 1 left on base; Mississippi 5 - Reading 4 |
|